 Dungeon Crawl Stone Soup version 0.27.1 (webtiles) character file.

Game seed: 16389728704813607378

26 nightchill the Chopper (level 2, 23/23 HPs)
             Began as a Demonspawn Gladiator on Aug 23, 2021.
             Got out of the dungeon alive.
             The game lasted 00:01:17 (1407 turns).

nightchill the Chopper (Demonspawn Gladiator)       Turns: 1407, Time: 00:01:17

Health: 23/23      AC:  3    Str: 14    XL:     2   Next: 89%
Magic:  2/2        EV: 12    Int:  9    God:
Gold:   10         SH:  0    Dex: 14    Spells: 1/1 levels left

rFire    . . .     SeeInvis .   a - +0 war axe
rCold    . . .     Faith    .   (no shield)
rNeg     . . .     Spirit   .   b - +0 leather armour
rPois    .         Reflect  .   (helmet restricted)
rElec    .         Harm     .   (no cloak)
rCorr    .         Rampage  .   (no gloves)
Will     .....                  (no boots)
Stlth    +.........             (no amulet)
HPRegen  0.07/turn              (no ring)
MPRegen  0.08/turn              (no ring)

@: no status effects
A: antennae 1
a: no special abilities


You escaped.
You visited 1 branch of the dungeon, and saw 1 of its levels.

You collected 10 gold pieces.

Inventory:

Hand Weapons
 a - a +0 war axe (weapon)
Missiles
 d - 3 throwing nets (quivered)
Armour
 b - a +0 leather armour (worn)
 c - a +0 helmet
Jewellery
 e - a +6 ring of intelligence
Scrolls
 g - 2 scrolls of blinking {unknown}
 j - a scroll of fog {unknown}
Potions
 f - a potion of invisibility {unknown}
 h - a potion of lignification {unknown}
 i - 2 potions of curing {unknown}


   Skills:
 + Level 2.5 Fighting
 * Level 3.4 Axes
 - Level 1.7 Throwing
 - Level 2.6 Dodging


You had one spell level left.
You didn't know any spells.
Your spell library contained the following spells:

 Spells                   Type           Power      Damage    Failure   Level
 Shock                    Conj/Air       0%         1d3       45%         1
 Swiftness                Air            0%         N/A       83%         3
 Airstrike                Air            0%         N/A       99%         4


Dungeon Overview and Level Annotations

Branches:
Dungeon (1/15)

Altars:

Shops:
D:1 *


Innate Abilities, Weirdness & Mutations

You have a pair of small antennae on your head.


Message History

You see here a +0 club.
You see here a +0 club.
Key pressed, stopping explore.
Found a stone staircase leading down.
There is a stone staircase leading down here.
A frilled lizard comes into view.
A frilled lizard is nearby!
Found 24 stones.
The helpless frilled lizard fails to defend itself.
You slash the frilled lizard!
You kill the frilled lizard!
No target in view!
You see here a frilled lizard corpse.
Done exploring.
Done exploring.
Done exploring.
Done exploring.
Done exploring.
Done exploring.
No target in view!
No target in view!
No target in view!
Done exploring.
Done exploring.
Search for what [? for help]? .
Saving game... please wait.
Welcome back, nightchill the Demonspawn Gladiator.
Press ? for a list of commands and other information.
(D) Dungeon
Where to? (? - help)
Okay, then.
There is a staircase leading out of the dungeon here.
Are you sure you want to leave the Dungeon?
This will make you lose the game!
Alright, then stay!
You enter the shallow water.
Moving in this stuff is going to be slow.
Unknown command.
There is a staircase leading out of the dungeon here.
Are you sure you want to leave the Dungeon?
This will make you lose the game!
You have escaped!

##################
#≈≈≈≈≈≈≈≈≈≈≈≈≈≈≈≈#
#≈≈≈≈≈≈≈≈≈≈≈≈≈≈≈≈#
#≈≈≈≈≈≈≈≈≈.≈≈.≈.≈#
#≈≈≈≈≈≈≈..≈..≈.≈≈########
#≈≈≈≈≈≈≈≈≈.......##......
#≈≈≈≈≈..≈≈.....8###.#####
#≈≈≈≈.≈≈≈.......# #.#
#≈≈≈≈≈≈.@.......###.#
#≈≈≈≈≈...........##.#
#≈≈.≈≈....8......##.#####
#≈≈≈≈≈...........##......
#≈≈≈≈...(.........#######
#≈≈.≈........8....#......
#≈≈.........8.......#....
#≈≈≈≈...............#....
#≈≈≈..###..........)#....


There were no monsters in sight!

Vanquished Creatures
  A dart slug (D:1)
  A ball python (D:1)
  An endoplasm (D:1)
  4 goblins (D:1)
  3 hobgoblins (D:1)
  4 kobolds (D:1)
  A quokka (D:1)
  A bat (D:1)
  3 frilled lizards (D:1)
  2 rats (D:1)
21 creatures vanquished.

Notes
Turn   | Place    | Note
-------+----------+-------------------------------------------
     0 | D:1      | nightchill the Demonspawn Gladiator began the quest for the
                  | Orb.
     0 | D:1      | Reached XP level 1. HP: 16/16 MP: 1/1
    42 | D:1      | Reached skill level 3 in Axes
    64 | D:1      | Gained mutation: You have a pair of small antennae on your
                  | head. [demonic ancestry]
    64 | D:1      | Reached XP level 2. HP: 4/22 MP: 2/2
  1060 | D:1      | Found Uxionwuc's General Store.
  1407 | D:$      | Got out of the dungeon alive.

Illustrated notes

Levels and vault maps discovered:
D:1:      nicolae_arrival_washed_ashore, layout_basic, serial_shops,
          nicolae_shop_waterfront

Skill      XL: |  1 |
---------------+----+-----
Axes           | 3 |  3.4
Fighting       | |  2.5
Throwing       | |  1.7
Dodging        | |  2.6

Action                   || total
-------------------------++-------
Melee: War axe           ||    64
 Stab: Sleeping          ||     3
Armor: Leather armour    ||    14
Dodge: Dodged            ||    35
